 Dungeon Crawl Stone Soup version 0.29.1-2-gbd0b4ee654 (webtiles) character file.

Game seed: 12498690520807274607

66014 Gabide the Deadly Accurate (level 15, -8/141 HPs)
             Began as a Ghoul Gladiator on Nov 8, 2022.
             Was a Believer of Uskayaw.
             Mangled by Agnes
             ... wielding a +2 vampiric lajatang
              (12 damage)
             ... on level 14 of the Dungeon.
             The game lasted 00:38:36 (29116 turns).

Gabide the Deadly Accurate (Ghoul Gladiator)       Turns: 29116, Time: 00:38:37

Health: -8/141     AC: 20    Str: 26    XL:     15   Next: 18%
Magic:  0/14       EV: 10    Int:  3    God:    Uskayaw [**....]
Gold:   2118       SH:  0    Dex: 10    Spells: 14/14 levels left

rFire   . . .      SeeInvis .     - Unarmed
rCold   + + .      Faith    .   (no shield)
rNeg    + + +      Spirit   +   g - +5 scale mail
rPois   ∞          Reflect  .   b - +2 helmet
rElec   .          Harm     .   (no cloak)
rCorr   .          Rampage  .   B - +2 pair of gloves
Will    ++...                   u - +2 pair of boots
Stlth   ..........              a - amulet of guardian spirit
HPRegen 0.00/turn               r - ring of willpower
MPRegen 0.14/turn               l - ring of protection from cold

@: about to teleport, inhibited regen, hasted, very quick
A: claws 1, cold resistance 1, negative energy resistance 3, inhibited
regeneration, torment resistance 2, devour on kill
a: Renounce Religion, Stomp, Line Pass


You were on level 14 of the Dungeon.
You worshipped Uskayaw.
Uskayaw was noncommittal.
You visited 3 branches of the dungeon, and saw 20 of its levels.
You also visited: Ice Cave.

You collected 2410 gold pieces.
You spent 292 gold pieces at shops.

Inventory:

Hand Weapons
 p - the +10 war axe of the New World {flame, rN+ Str+4 Dex+3 Stlth+}
   (You found it on level 10 of the Dungeon)

   It burns those it strikes, dealing additional fire damage.
   Big, fiery blades are also staple armaments of hydra-hunters.
   Str:       It affects your strength (+4).
   Dex:       It affects your dexterity (+3).
   rN:        It protects you from negative energy.
   Stlth:     It makes you more stealthy.
 C - a +0 demon blade of freezing
Missiles
 w - 4 javelins (quivered)
Armour
 b - a +2 helmet (worn)
 g - a +5 scale mail (worn)
 u - a +2 pair of boots (worn)
 B - a +2 pair of gloves (worn)
 T - a +1 robe of resistance
Jewellery
 a - an amulet of guardian spirit (around neck)
 d - an amulet of reflection
 l - a ring of protection from cold (right hand)
 r - a ring of willpower (left hand)
 y - a ring of flight
 J - an amulet of the acrobat
 S - a ring of see invisible
Wands
 v - a wand of flame (10)
 D - a wand of roots (4)
 E - a wand of mindburst (7)
 L - a wand of charming (6)
 W - a wand of polymorph (2)
Scrolls
 c - a scroll of magic mapping
 h - 9 scrolls of immolation
 k - a scroll of amnesia
 n - 2 scrolls of blinking
 q - a scroll of torment {unknown}
 s - 8 scrolls of teleportation
 x - 6 scrolls of enchant weapon
 z - 3 scrolls of vulnerability
 A - 4 scrolls of butterflies
 G - a scroll of acquirement {unknown}
 K - a scroll of poison
 Q - a scroll of fear {unknown}
 U - a scroll of noise {unknown}
 X - a scroll of silence {unknown}
Potions
 e - 5 potions of might
 f - 8 potions of attraction
 i - a potion of heal wounds
 j - 8 potions of brilliance
 m - 5 potions of flight
 o - 13 potions of curing
 t - 3 potions of haste
 F - 2 potions of ambrosia
 H - a potion of magic
 M - 2 potions of cancellation
 P - a potion of resistance {unknown}
 R - a potion of invisibility {unknown}
Miscellaneous
 I - a condenser vane (inert)


   Skills:
 + Level 15.4 Fighting
 * Level 18.0 Throwing
 - Level 2.6 Dodging
 + Level 12.6 Unarmed Combat


You had 14 spell levels left.
You didn't know any spells.
Your spell library contained the following spells:

 Spells                   Type           Power      Damage    Failure   Level
 Freeze                   Ice            0%         1d3       83%         1
 Sandblast                Erth           0%         2d4       83%         1
 Passwall                 Tmut/Erth      0%         N/A       92%         2
 Conjure Flame            Conj/Fire      0%         6-21      99%         3
 Frozen Ramparts          Ice            0%         1d1       99%         3
 Ignite Poison            Fire/Tmut/Pois 0%         N/A       99%         3
 Inner Flame              Hex/Fire       0%         N/A       99%         3
 Stone Arrow              Conj/Erth      0%         3d7       99%         3
 Cause Fear               Hex            0%         N/A       100%        4
 Hailstorm                Conj/Ice       0%         3d3       100%        4
 Petrify                  Tmut/Erth      0%         N/A       100%        4
 Sticky Flame             Conj/Fire      0%         2d3       100%        4
 Metabolic Englaciation   Hex/Ice        0%         N/A       100%        5
 Discord                  Hex            0%         N/A       100%        8
 Statue Form              Tmut/Erth      Unusable   N/A       N/A         6

Dungeon Overview and Level Annotations

Branches:
Dungeon (14/15)            Temple (1/1) D:5            Lair (5/5) D:11
  Swamp (0/4) Lair:2       Spider (0/4) Lair:3        Slime (0/5) Lair:5
    Orc (0/2) D:9          Vaults (0/5) D:13          IceCv (visited)

Altars:
Ashenzari
Cheibriados
Dithmenos
Fedhas
Gozag
Hepliaklqana
Kikubaaqudgha
Makhleb
Nemelex Xobeh
Okawaru
Qazlal
Ru
Sif Muna
Trog
Uskayaw
Vehumet
Wu Jian
Xom
Yredelemnul
Jiyva

Shops:
D:5 *   D:11 [

Portals:
Trove: D:10 (give +6 demon trident)

Annotations:
D:8 Erica
D:14 Agnes


Innate Abilities, Weirdness & Mutations

You are immune to poison.
You have sharp fingernails.
Your flesh is cold resistant. (rC+)
You are immune to negative energy. (rN+++)
You do not regenerate when monsters are visible.
You are immune to unholy pain and torment.
You thrive by killing the living.


Message History

You hit the boulder beetle but do no damage.
The boulder beetle is severely wounded.
The boulder beetle closely misses you.
Okay, then.
Unknown command.
Unknown command.
Press: ? - help, v - describe, . - travel
Here: Agnes, wielding a +2 vampiric lajatang and wearing a +1 robe of positive energy The floor.
Unknown command.
You feel much better.
The boulder beetle leaps!
Throw: 5 javelins
Press: ? - help, Q - select action, (/) - cycle Shift-Dir - straight line, f - boulder beetle
Aim: a boulder beetle (severely wounded, 92% to hit)
You throw a javelin.
The javelin pierces through the boulder beetle but does no damage.
The boulder beetle is severely wounded.
You feel yourself speed up.
Agnes hits you with a +2 vampiric lajatang!!
* * * LOW HITPOINT WARNING * * *
A rakshasa comes into view. It is wielding a +0 trident.
You can no longer merge with and destroy a victim.
Okay, then.
Agnes attacks as you move away! Agnes barely misses you.
The boulder beetle bites you!
* * * LOW HITPOINT WARNING * * *
Okay, then.
Unknown command.
You feel much better.
Agnes hits you with a +2 vampiric lajatang!
* * * LOW HITPOINT WARNING * * *
Agnes barely misses you.
As you read the scroll of teleportation, it crumbles to dust.
You feel strangely unstable.
The boulder beetle bites you but does no damage.
Agnes hits you with a +2 vampiric lajatang!!
* * * LOW HITPOINT WARNING * * *
Agnes attacks as you move away!
Agnes hits you with a +2 vampiric lajatang!
You die...

.. .# .# ##### (## #... ..#
## ###'#######).# ..
#....<.....).#.#..
######+#####................_
#........#.'....@iB...R.#.#..
#........#.#...........## ..
#........#.#.....).....# #
#........#.#....(...)..#
+........'.#######'#.#?.#
#........### #.}...##
######'### ##.##... #.....#
#.# #### ##'###### #.#


You could see Agnes, a boulder beetle and a rakshasa.

Vanquished Creatures
  A reaper (IceCv)
  The ghost of kalagan the Thaumaturge, a journeyman DECj of Sif Muna (Lair:5)
  A fire dragon (Lair:5)
  6 hydras
  A boulder beetle (D:11)
  A two-headed ogre (D:9)
  2 dancing weapons (D:13)
  2 centaur warriors (D:14)
  Urug (Lair:4)
  Lodul (D:13)
  3 lindwurms (Lair:5)
  Pikel (D:7)
  3 deep elf pyromancers
  A manticore (D:12)
  7 slime creatures
  10 ugly things
  21 elephants
  2 black mambas
  2 ice statues (IceCv)
  6 torpor snails (Lair:5)
  A gargoyle (D:11)
  5 cane toads
  An unseen horror (D:13)
  2 rime drakes (Lair:3)
  3 anaconda simulacra (IceCv)
  A yaktaur (D:14)
  An efreet (D:13)
  10 komodo dragons
  5 ice devils (IceCv)
  3 trolls
  8 hornets
  12 polar bears
  3 tyrant leeches (Lair:5)
  17 blink frogs
  2 spriggans (Lair:5)
  Sigmund (D:5)
  A dire elephant simulacrum (IceCv)
  22 yaks
  A basilisk (D:13)
  2 vampires
  2 wraiths (D:12)
  2 shadows (D:11)
  A wyvern (D:10)
  3 redbacks (Lair:3)
  2 vampire mosquitoes (D:13)
  Menkaure (D:5)
  8 wargs
  2 swamp worms (Lair:2)
  3 hydra simulacra (IceCv)
  3 harpy simulacra (IceCv)
  12 water moccasins
  Duvessa (D:5)
  15 hell hounds (Lair:5)
  2 orc warriors
  2 sky beasts (D:7)
  9 ogres
  12 black bears
  23 wolves
  A boggart (Lair:5)
  10 centaurs
  2 lemures (D:7)
  A kobold brigand (D:7)
  Blork the orc (D:4)
  2 gnoll sergeants
  5 necrophages
  6 bullfrogs
  2 two-headed ogre simulacra
  A cane toad simulacrum (D:12)
  A scorpion (D:7)
  4 wights (D:8)
  Dowan (D:5)
  3 elephant simulacra
  16 killer bees
  A howler monkey (D:10)
  6 hounds
  4 orc priests
  4 jellies
  4 gnoll boudas
  Crazy Yiuf (D:5)
  Jessica (D:2)
  2 iguanas
  4 orc wizards
  7 hell rats (Lair:1)
  A polar bear simulacrum (D:12)
  3 spriggan simulacra
  A troll simulacrum (D:12)
  Robin (D:3)
  6 adders
  29 gnolls
  A naga simulacrum (D:12)
  A shadow imp (D:3)
  A white imp (IceCv)
  2 ufetubi
  2 worms
  The ghost of mmigdal the Sneak, a weakling MeDe (D:5)
  9 orcs
  6 ball pythons
  8 bats
  12 endoplasms
  2 giant cockroaches
  21 goblins
  22 hobgoblins
  4 jackals (D:1)
  11 kobolds
  3 quokkas
  3 frilled lizards
  7 rats
524 creatures vanquished.

Vanquished Creatures (collateral kills)
  A hydra (Lair:4)
  2 slime creatures (D:9)
  A wraith (D:13)
  An orc wizard (D:9)
  A gnoll (D:9)
  An orc (D:9)
7 creatures vanquished.

Vanquished Creatures (others)
  26 fungi
  58 plants
84 creatures vanquished.

Grand Total: 615 creatures vanquished

Notes
Turn   | Place    | Note
-------+----------+-------------------------------------------
     0 | D:1      | Gabide the Ghoul Gladiator began the quest for the Orb.
     0 | D:1      | Reached XP level 1. HP: 17/17 MP: 0/0
   118 | D:1      | Reached skill level 2 in Throwing
   160 | D:1      | Reached XP level 2. HP: 25/25 MP: 1/1
   486 | D:1      | Found a faded altar of an unknown god.
   514 | D:1      | Reached XP level 3. HP: 15/30 MP: 2/2
  1325 | D:2      | Reached skill level 3 in Throwing
  1325 | D:2      | Reached XP level 4. HP: 38/38 MP: 3/3
  2140 | D:3      | Noticed Robin
  2345 | D:3      | Noticed Jessica
  2361 | D:2      | Killed Jessica
  2362 | D:2      | Reached XP level 5. HP: 22/45 MP: 4/4
  2528 | D:3      | Killed Robin
  2779 | D:3      | Reached skill level 4 in Throwing
  2864 | D:3      | Reached XP level 6. HP: 51/52 MP: 5/5
  3289 | D:3      | Found an opulent altar of Gozag.
  3859 | D:4      | Noticed Blork the orc
  3872 | D:4      | Killed Blork the orc
  4023 | D:4      | Reached skill level 5 in Unarmed Combat
  4023 | D:4      | Reached XP level 7. HP: 38/60 MP: 6/6
  4256 | D:5      | Entered Level 5 of the Dungeon
  4256 | D:5      | Noticed Sigmund
  4269 | D:5      | Killed Sigmund
  4270 | D:5      | Reached skill level 5 in Throwing
  4546 | D:5      | Found Ceapniuc's Assorted Antiques.
  4553 | D:5      | Bought a scroll of identify for 52 gold pieces
  4553 | D:5      | Bought a potion of heal wounds for 130 gold pieces
  4553 | D:5      | Bought a scroll of identify for 52 gold pieces
  4598 | D:5      | Found a runed translucent gate.
  4599 | D:5      | Found a runed translucent gate.
  4600 | D:5      | Found a runed translucent gate.
  4611 | D:5      | Reached skill level 5 in Fighting
  4701 | D:5      | Found a staircase to the Ecumenical Temple.
  4716 | D:5      | Reached XP level 8. HP: 57/68 MP: 7/7
  4777 | D:5      | Reached skill level 6 in Throwing
  4786 | Temple   | Entered the Ecumenical Temple
  4822 | Temple   | Became a worshipper of Uskayaw the Reveller
  4907 | D:5      | Noticed Menkaure
  4913 | D:5      | Reached * piety under Uskayaw
  4916 | D:5      | Reached ** piety under Uskayaw
  4917 | D:5      | Killed Menkaure
  5101 | D:5      | Found a runed translucent door.
  5132 | D:5      | Noticed Crazy Yiuf
  5229 | D:5      | Noticed mmigdal's ghost (weakling MeDe)
  5238 | D:5      | Killed mmigdal's ghost
  5314 | D:5      | Noticed Duvessa
  5314 | D:5      | Noticed Dowan
  5322 | D:5      | Killed Duvessa
  5329 | D:5      | Reached *** piety under Uskayaw
  5331 | D:5      | Killed Dowan
  5587 | D:5      | Killed Crazy Yiuf
  6095 | D:6      | Reached skill level 7 in Throwing
  6741 | D:7      | Reached **** piety under Uskayaw
  6772 | D:7      | Reached XP level 9. HP: 59/78 MP: 8/8
  7010 | D:7      | Noticed Pikel
  7036 | D:7      | Killed Pikel
  7037 | D:7      | Reached skill level 8 in Throwing
  7050 | D:7      | Reached ***** piety under Uskayaw
  7829 | D:8      | Reached skill level 9 in Throwing
  7839 | D:8      | Reached XP level 10. HP: 20/88 MP: 9/9
  9158 | D:9      | Noticed a two-headed ogre
  9171 | D:9      | Reached ****** piety under Uskayaw
  9173 | D:9      | Killed a two-headed ogre
  9174 | D:9      | Reached skill level 10 in Throwing
  9178 | D:9      | Noticed Erica
 10077 | D:9      | Found a staircase to the Orcish Mines.
 10472 | D:10     | Entered Level 10 of the Dungeon
 10620 | D:10     | Reached XP level 11. HP: 56/97 MP: 6/10
 11038 | D:10     | Reached skill level 11 in Throwing
 11320 | D:10     | Identified the +1 ring mail "Hexkeyrch" {rF+ rC+++ MP+9
                  | Int-5}
 11327 | D:10     | Identified the +10 war axe of the New World {flame, rN+
                  | Str+4 Dex+3 Stlth+}
 11516 | D:10     | Found a portal to a secret trove of treasure.
 11957 | D:11     | Found Gaus's Armour Boutique.
 11967 | D:11     | Bought a +0 pair of boots for 58 gold pieces
 12001 | D:11     | Found a staircase to the Lair.
 12004 | D:11     | Reached skill level 10 in Unarmed Combat
 12263 | D:11     | Reached skill level 10 in Fighting
 12591 | D:11     | Found an iron altar of Okawaru.
 12646 | D:11     | Reached skill level 12 in Throwing
 12660 | D:11     | Noticed a boulder beetle
 12677 | D:11     | Killed a boulder beetle
 13108 | Lair:1   | Entered Level 1 of the Lair of Beasts
 13378 | Lair:1   | Reached XP level 12. HP: 16/110 MP: 2/11
 13818 | Lair:1   | Reached skill level 13 in Throwing
 14746 | Lair:2   | Found a shimmering altar of Xom.
 15084 | Lair:2   | Noticed an eight-headed hydra
 15093 | Lair:2   | HP: 5/110 [seven-headed hydra (11)]
 15207 | Lair:2   | Noticed a five-headed hydra
 15215 | Lair:2   | Killed a five-headed hydra
 15576 | Lair:2   | Reached skill level 14 in Throwing
 16103 | Lair:2   | Found a staircase to the Swamp.
 16144 | Lair:2   | Killed a five-headed hydra
 16713 | Lair:3   | Reached XP level 13. HP: 119/119 MP: 12/12
 16728 | Lair:3   | Found a hole to the Spider Nest.
 17202 | Lair:4   | Noticed Urug
 17216 | Lair:4   | Killed Urug
 17225 | Lair:4   | Reached skill level 15 in Throwing
 18928 | Lair:5   | Entered Level 5 of the Lair of Beasts
 19736 | Lair:5   | Reached skill level 16 in Throwing
 20574 | Lair:5   | Reached XP level 14. HP: 62/132 MP: 7/13
 21486 | Lair:5   | Found a staircase to the Slime Pits.
 21486 | Lair:5   | Found a viscous altar of Jiyva.
 21532 | Lair:5   | Found a runed translucent door.
 21539 | Lair:5   | Noticed kalagan's ghost (journeyman DECj)
 21540 | Lair:5   | Identified the +7 trident "Seyxets" {venom, *Corrode rF+++
                  | Will- Str+5}
 21698 | Lair:5   | Found a runed translucent door.
 23380 | Lair:5   | Killed kalagan's ghost
 23381 | Lair:5   | Reached skill level 17 in Throwing
 24097 | D:12     | Found a frozen archway.
 24129 | IceCv    | Entered an ice cave
 25220 | IceCv    | Noticed a reaper
 25227 | IceCv    | Killed a reaper
 25946 | D:12     | Found a stormy altar of Qazlal.
 26656 | D:13     | Found an ornate altar of the Wu Jian Council.
 26808 | D:13     | Reached skill level 15 in Fighting
 26997 | D:13     | Noticed Lodul
 27001 | D:13     | Killed Lodul
 27102 | D:13     | Found a gate to the Vaults.
 27174 | D:13     | HP: 5/135 [large slime creature (26)]
 27174 | D:13     | HP: 1/135 [slime creature (4)]
 28072 | D:13     | Reached XP level 15. HP: 64/141 MP: 8/14
 28852 | D:14     | Noticed Agnes
 29090 | D:14     | Found a snail-covered altar of Cheibriados.
 29102 | D:14     | Reached skill level 18 in Throwing
 29110 | D:14     | HP: 5/141 [boulder beetle (11)]
 29116 | D:14     | Mangled by Agnes

Illustrated notes

Levels and vault maps discovered:
D:1:      lightli_arrival_statue_moat, layout_basic,
          shapermc_ecumenical_altar_venn, st_stairs_2
D:2:      layout_loops_ring, serial_glass, glass_columns_b, glass_columns_a,
          glass_columns_a, glass_columns_b
D:3:      cheibrodos_greedy_goblins, layout_basic, mainiacjoe_overflow_alcove_4,
          uniq_jessica, uniq_robin
D:4:      layout_basic, uniq_blork_the_orc
D:5:      layout_basic, minmay_temple_entry_stoned_glass, serial_shops,
          shop_fountains, ebering_ghost_rock_garden, small_statue_intersection,
          uniq_sigmund, uniq_menkaure, uniq_duvessa, uniq_crazy_yiuf_cottage
D:6:      layout_basic, nrook_loot_triangle
D:7:      layout_loops_cross, uniq_pikel
D:8:      layout_loops_corners, kennysheep_small_square
D:9:      layout_rooms, orc_0_dummy, uniq_erica
D:10:     layout_loops_ring, enter_trove_3, st_stairs_11
D:11:     layout_roguey, erik_lair_orcish_takeover, serial_shops, shop,
          kennysheep_okawaru_gauntlet
D:12:     layout_basic, portal_ice_cave_entry_ice_simulacra,
          nicolae_qazlal_scattered_showers
D:13:     layout_roguey, erik_vaults_1, nzn_wu_jian_council_hall, uniq_lodul
D:14:     layout_roguey, minmay_ruined_shrine, uniq_agnes
Temple:   grunt_wide_crystal_templ
Lair:1:   layout_roguey, grunt_megastairs_3
Lair:2:   layout_gridlike, palyth_hydra_swamp_entry, basic_altar
Lair:3:   layout_roguey, spider_nest_entry_webs, infiniplex_staircase_pool_2,
          lemuel_fruit_fields
Lair:4:   layout_layer_cave, uniq_urug
Lair:5:   hangedman_lair_caniforms_friends, layout_regular_city, wormcave,
          slime_entry_1, ebering_ghost_funeral_grove

Skill      XL: |  1  2  3  4  5  6  7  8  9 10 11 12 13 14 15 |
---------------+----------------------------------------------+-----
Throwing       | 2 3 4 5 7 9 10 12 14 16 17 18 | 18.0
Fighting       | 3 4 5 6 7 9 11 12 14 15 | 15.4
Unarmed Combat | 4 5 6 8 9 10 12 | 12.6
Dodging        | |  2.6

Action                   |  1- 3 |  4- 6 |  7- 9 | 10-12 | 13-15 || total
-------------------------+-------+-------+-------+-------+-------++-------
Melee: Unarmed           |   106 |   207 |   250 |   165 |   821 ||  1549
       Punch             |     1 |     3 |    11 |    33 |    78 ||   126
       War axe           |       |       |       |   235 |    12 ||   247
Throw: Stone             |       |    13 |    50 |    28 |       ||    91
       Throwing net      |       |     3 |     2 |       |     2 ||     7
       Javelin           |       |     2 |    15 |    31 |   143 ||   191
       Boomerang         |       |       |       |     4 |    55 ||    59
Invok: Stomp             |       |       |     1 |       |       ||     1
Evoke: Wand              |       |       |       |    11 |     3 ||    14
       Condenser vane    |       |       |       |       |     1 ||     1
  Use: Scroll            |       |     8 |     8 |    15 |    11 ||    42
       Potion            |       |       |     1 |     4 |     7 ||    12
 Stab: Paralysed         |       |       |     6 |    39 |    40 ||    85
Armor: Leather armour    |    47 |    23 |       |       |       ||    70
       Ring mail         |       |    62 |    71 |    75 |       ||   208
       Scale mail        |       |       |       |   277 |   713 ||   990
Dodge: Dodged            |    63 |   157 |    91 |   338 |   495 ||  1144
Block: Other             |       |       |    43 |    32 |       ||    75
       Reflection        |       |       |     4 |       |       ||     4
